AoeStats
← Blazing Cartesia, The Virtuous

Arabia

510093551Analyzed
1v1 RM · 2d ago on Sep 29, 2026· 28m 21s· 2 players
Game mode
Random Map
Map size
Tiny (2 player)
Population
200
Speed
Normal
Resources
Standard
Victory
Conquest
Starting age
Dark Age
Ending age
Imperial Age
RankedLock teamsTeams togetherTeam positionsShared explorationLock speedFull tech treeHidden civsTurbo modeCheats
Victory
Defeat
🇧🇷 Varangians · Brazil
1249
+17
1280
-17
CB Daciolo
10:45 Feudal Age
15:38 Castle Age
14:17 Double-Bit Axe
14:56 Fletching
16:39 Bloodlines
16:42 Horse Collar
18:28 Husbandry
21:33 Loom
25:01 Gold Mining
25:46 Bow Saw
25:48 Padded Archer Armor
26:42 Bodkin Arrow
Blazing Cartesia, The Virtuous
6:18 Loom
9:32 Feudal Age
9:57 Double-Bit Axe
12:03 Forging
11:49 Domestication
19:16 Castle Age
17:35 Gold Mining
20:31 Iron Casting
19:21 Pikeman
20:41 Bow Saw
21:20 Scale Mail Armor
26:20 Pastoralism
28:15 Wheelbarrow
Connection lost

Rejoining the realm…

Still unreachable

The connection could not be restored.

Session expired

The server has moved on; the page needs a fresh start.